 Dungeon Crawl Stone Soup version 0.29-a0-317-gd16b76e6b1 (webtiles) character file.

Game seed: 17725446328483481334

129 Dabor the Insei (level 4, -2/33 HPs)
             Began as a Demonspawn Transmuter on Apr 1, 2022.
             Was a Believer of Uskayaw.
             Slain by a howler monkey (6 damage)
             ... on level 5 of the Dungeon.
             The game lasted 00:03:54 (5158 turns).

Dabor the Insei (Demonspawn Transmuter)             Turns: 5158, Time: 00:03:55

Health: -2/33      AC:  2    Str: 12    XL:     4   Next: 88%
Magic:  7/8        EV: 13    Int: 15    God:    Uskayaw [**....]
Gold:   57         SH:  0    Dex: 17    Spells: 5/8 levels left

rFire   . . .      SeeInvis .     - Unarmed
rCold   . . .      Faith    .   (no shield)
rNeg    . . .      Spirit   .   a - +0 robe
rPois   .          Reflect  .   (helmet restricted)
rElec   +          Harm     .   (no cloak)
rCorr   .          Rampage  .   (no gloves)
Will    .....                   (no boots)
Stlth   +++.......              (no amulet)
HPRegen 0.11/turn               (no ring)
MPRegen 0.11/turn               (no ring)

@: wereblooded
A: horns 2, thin skeletal structure 1, agile 1, electricity resistance, subdued
magic 1
a: Renounce Religion, Stomp, Line Pass


You were on level 5 of the Dungeon.
You worshipped Uskayaw.
Uskayaw was noncommittal.
You visited 1 branch of the dungeon, and saw 4 of its levels.

You collected 57 gold pieces.

Inventory:

Missiles
 d - 5 poisoned darts
Armour
 a - a +0 robe (worn)
Jewellery
 j - a ring of see invisible
Scrolls
 b - a scroll of enchant armour
 c - a scroll of fog {unknown}
 e - 2 scrolls of identify
 f - 2 scrolls of vulnerability
 h - a scroll of magic mapping {unknown}
 i - a scroll of teleportation {unknown}
Potions
 g - a potion of ambrosia {unknown}


   Skills:
 + Level 2.1 Fighting
 + Level 2.5 Dodging
 + Level 3.3 Unarmed Combat
 + Level 2.7 Spellcasting
 + Level 2.5 Transmutations


You had 5 spell levels left.
You knew the following spells:

 Your Spells              Type           Power      Damage    Failure   Level
a - Beastly Appendage     Tmut           14%        N/A       5%          1
b - Wereblood             Tmut           7%         N/A       9%          2

Your spell library contained the following spells:

 Spells                   Type           Power      Damage    Failure   Level
 Magic Dart               Conj           4%         1d3       17%         1
 Scorch                   Fire           2%         2d5       26%         2
 Searing Ray              Conj           2%         2d4       26%         2
 Spider Form              Tmut/Pois      4%         N/A       32%         3
 Ice Form                 Ice/Tmut       4%         N/A       73%         4
 Flame Wave               Conj/Fire      1%         2d4       88%         4
 Fulminant Prism          Conj/Hex       0%         3d6       88%         4
 Summon Cactus Giant      Summ           0%         N/A       100%        6


Dungeon Overview and Level Annotations

Branches:
Dungeon (3/15)

Altars:
Sif Muna
Uskayaw
The Shining One


Innate Abilities, Weirdness & Mutations

You have a pair of horns on your head.
You have a somewhat thin skeletal structure. (Dex +2, Stealth+)
You are agile. (Dex +2)
You are resistant to electric shocks. (rElec)
Your spells are a little easier to cast, but a little less powerful.


Message History

You hear some strange, mumbled words.
You are confused.
You are too confused!
You are too confused!
You are too confused!
You are too confused!
You're too confused to move!
The orc attacks as you move away! The orc barely misses you.
Your transformation is almost over.
The orc attacks as you move away! The orc barely misses you.
You bump into the rock wall.
The orc hits you with a +0 whip.
The howler monkey hoots and howls with incredible vigour!
Something shouts, "Begone, thou goatish hasty-witted pignut!"
You miss the orc. You hit something but do no damage. You claw something.
The orc misses you.
You bump into the rock wall.
You feel less confused. Something hits you. The orc closely misses you.
The orc hits you with a +0 whip.
You closely miss the orc. You claw the orc!
You feel a bit better.
You kill the orc!
The orc hits you with a +0 whip. Something hits you.
You hit something but do no damage. You claw something.
Your talons disappear.
The howler monkey hits you. The orc barely misses you. Something hits you.
You can now pass through a line of other dancers.
You closely miss something. The howler monkey closely misses you.
The orc hits you but does no damage. Something hits you but does no damage.
The howler monkey hits you.
* * * LOW HITPOINT WARNING * * *
You miss something. Your headbutt misses something.
The orc completely misses you. Something hits you.
* * * LOW HITPOINT WARNING * * *
The howler monkey hoots and howls with incredible vigour!
You closely miss something.
A white imp comes into view.
The orc misses you. Something hits you.
* * * LOW HITPOINT WARNING * * *
The howler monkey hits you.
You die...

################
#.o@{.....5.....
###h############
#.# #.#
#)...(...
#.......#
#.......#
#.......#
#####+#.#


You could see a howler monkey (catching breath), a white imp and an orc.

Vanquished Creatures
  Robin (D:2)
  4 adders
  3 worms
  6 orcs
  3 bats
  3 endoplasms
  A giant cockroach (D:2)
  10 goblins
  10 hobgoblins
  4 jackals (D:2)
  4 kobolds (D:3)
  4 quokkas
  4 ball pythons (D:1)
  A frilled lizard (D:1)
  2 rats (D:1)
60 creatures vanquished.

Notes
Turn   | Place    | Note
-------+----------+-------------------------------------------
     0 | D:1      | Dabor the Demonspawn Transmuter began the quest for the
                  | Orb.
     0 | D:1      | Reached XP level 1. HP: 15/15 MP: 3/3
   666 | D:1      | Gained mutation: You have a pair of small horns on your
                  | head. [demonic ancestry]
   666 | D:1      | Reached XP level 2. HP: 21/21 MP: 3/5
  1569 | D:1      | Learned a level 2 spell: Wereblood
  1954 | D:2      | Gained mutation: Your spells are a little easier to cast,
                  | but a little less powerful. [potion of mutation]
  1954 | D:2      | Gained mutation: You are agile. (Dex +2) [potion of
                  | mutation]
  1954 | D:2      | Gained mutation: You are resistant to electric shocks.
                  | (rElec) [potion of mutation]
  1957 | D:2      | Gained mutation: You have a somewhat thin skeletal
                  | structure. (Dex +2, Stealth+) [demonic ancestry]
  1957 | D:2      | Reached XP level 3. HP: 4/26 MP: 4/6
  1959 | D:2      | HP: 1/39 [poisoned by an adder]
  2447 | D:2      | Reached skill level 3 in Unarmed Combat
  3159 | D:2      | Noticed Robin
  3163 | D:2      | Killed Robin
  3164 | D:2      | Gained mutation: You have a pair of horns on your head.
                  | [demonic ancestry]
  3164 | D:2      | Reached XP level 4. HP: 27/33 MP: 4/7
  4090 | D:3      | Noticed a +0 dagger
  4090 | D:3      | Noticed a +0 short sword
  4090 | D:3      | Noticed a +0 dagger
  4090 | D:3      | Noticed a +0 falchion
  4091 | D:3      | Noticed a +0 spear
  4091 | D:3      | Noticed a +0 falchion
  4091 | D:3      | Noticed a +0 spear
  4091 | D:3      | Noticed a +0 short sword
  4274 | D:3      | Found a hide-covered altar of Uskayaw.
  4354 | D:3      | Found a shimmering blue altar of Sif Muna.
  4654 | D:3      | Became a worshipper of Uskayaw the Reveller
  4727 | D:3      | Reached * piety under Uskayaw
  5122 | D:3      | You fall into a shaft and drop 2 floors!
  5122 | D:5      | Entered Level 5 of the Dungeon
  5155 | D:5      | Reached ** piety under Uskayaw
  5158 | D:5      | Slain by a howler monkey

Illustrated notes

Levels and vault maps discovered:
D:1:      nicolae_arrival_memento_mori, layout_basic, minmay_close_crescents
D:2:      layout_basic, basic_altar, uniq_robin
D:3:      layout_basic, old_standard_altar, nicolae_uskayaw_en_pointe,
          hellmonk_ecumenical_altar_zigzags, small_statue_intersection,
          solitary_fountain
D:5:      layout_basic, bloody_makhleb, fedhas_altar_4, uniq_grinder

Skill      XL: |  1  2  3  4 |
---------------+-------------+-----
Dodging        | 2 |  2.5
Transmutations | 2 |  2.5
Unarmed Combat | 3 |  3.3
Fighting       | 2 |  2.1
Spellcasting   | |  2.7

Action                   |  1- 3 |  4- 6 || total
-------------------------+-------+-------++-------
Melee: Unarmed           |   128 |    92 ||   220
       Kick              |    11 |    12 ||    23
       Headbutt          |    12 |    11 ||    23
       Punch             |     1 |     1 ||     2
 Cast: Beastly Appendage |    15 |     9 ||    24
       Wereblood         |     2 |     1 ||     3
  Use: Potion            |     4 |       ||     4
       Scroll            |     2 |       ||     2
 Stab: Sleeping          |       |     2 ||     2
Armor: Robe              |    20 |     8 ||    28
       Skin              |     1 |       ||     1
Dodge: Dodged            |    99 |    57 ||   156

Table legend: (Time is in decaauts)
 A = Elapsed time spent in this place.
 B = Non-inter-level travel time spent in this place.
 C = Inter-level travel time spent in this place.
 D = Time resting spent in this place.
 E = Time spent auto-exploring this place.
 F = Levels seen in this place.
 G = Mean time per level.
                   A        B        C        D        E       F      G
               +--------+--------+--------+--------+--------+-----+--------+
         Total |   5143 |   5095 |     48 |    846 |   3719 |   4 | 1285.8 |
       Dungeon |   5143 |   5095 |     48 |    846 |   3719 |   4 | 1285.8 |
               +--------+--------+--------+--------+--------+-----+--------+

Top non-repeatable levels by time:
     D:2: 2147 daAuts
     D:1: 1911 daAuts
     D:3: 1049 daAuts
     D:5: 35 daAuts
